 Dungeon Crawl Stone Soup version 0.30.1-11-g7821555f0a (webtiles) character file.

Game seed: 4111855272064169810

222084 H0rd4k the Warrior (level 19, -6/159 HPs)
             Began as a Human Artificer on Jan 10, 2024.
             Was an Initiate of Gozag.
             Mangled by a naga warrior
             ... wielding a +0 trident
              (27 damage)
             ... on level 4 of the Snake Pit on Jan 16, 2024.
             The game lasted 02:28:01 (40630 turns).

H0rd4k the Warrior (Human Artificer)               Turns: 40630, Time: 02:28:02

Health: -6/159     AC: 24    Str: 16    XL:     19   Next: 99%
Magic:  15/37      EV: 17    Int: 25    God:    Gozag
Gold:   2790       SH:  0    Dex: 20    Spells: 3/47 levels left

rFire   . . .        F - +7 rapier "Vyagopyi" {drain, *Slow Will+ rCorr}
rCold   + . .        (no shield)
rNeg    + . .        n - +4 leather armour of Starshine {rN+ Dex+4}
rPois   .            z - +2 helmet
rElec   .            a - +0 cloak "Itwero" {Dex+3 Slay+6}
rCorr   +            b - +3 pair of gauntlets of War {Slay+5}
SInv    .            L - +2 pair of boots
Will    +++..        x - amulet of regeneration
Stlth   +++          Y - ring "Waigriev" {AC+4 Int+6}
HPRegen 1.26/turn    e - ring "Ofekh" {rC+ Will+ Str+2}
MPRegen 0.25/turn

%: slow self (1%)
@: lethally poisoned (-6 -> -6), slowed, very slow
A: no striking features
}: 1/15 runes: barnacled
a: Renounce Religion, Potion Petition, Call Merchant, Bribe Branch


You were on level 4 of the Snake Pit.
You worshipped Gozag.
Gozag was most pleased with you.
You visited 6 branches of the dungeon, and saw 31 of its levels.
You also visited: Sewer, Bailey and Ice Cave.

You collected 13578 gold pieces.
You spent 4752 gold pieces at shops.
You paid 6036 gold pieces to Gozag.

Inventory:

Hand Weapons
 F - the +7 rapier "Vyagopyi" (weapon) {drain, *Slow Will+ rCorr}
   (You bought it in a shop on level 8 of the Dungeon)

   rCorr:     It protects you from acid and corrosion.
   *Slow:     It may slow you when you take damage.
   Will:      It increases your willpower.
 G - a +7 rapier of holy wrath
 M - a +6 dagger of venom
Missiles
 g - 7 curare-tipped darts
 i - 27 poisoned darts
 B - 5 atropa-tipped darts
Armour
 a - the +0 cloak "Itwero" (worn) {Dex+3 Slay+6}
   (You acquired it on level 7 of the Dungeon)

   Dex:       It affects your dexterity (+3).
   Slay:      It affects your accuracy & damage with ranged weapons and melee
   (+6).
 b - the +3 pair of gauntlets of War (worn) {Slay+5}
   (You bought it in a shop on level 11 of the Dungeon)

   Slay:      It affects your accuracy & damage with ranged weapons and melee
   (+5).
 n - the +4 leather armour of Starshine (worn) {rN+ Dex+4}
   (You found it on level 1 of the Lair of Beasts)

   Dex:       It affects your dexterity (+4).
   rN:        It protects you from negative energy.
 s - a scarf of repulsion
 z - a +2 helmet (worn)
 L - a +2 pair of boots (worn)
 Q - a scarf of shadows
Magical Staves
 J - the staff of death "Kiecwur" {rN+ Int+5}
   (You found it in an ice cave)

   [staff of death]

   Base accuracy: +5 Base damage: 5 Base attack delay: 1.2 This weapon's minimum
   attack delay (0.6) is reached at skill level 12.
   Int:       It affects your intelligence (+5).
   rN:        It protects you from negative energy.
   It falls into the 'Staves' category.
   It is a one-handed weapon.
Jewellery
 e - the ring "Ofekh" (right hand) {rC+ Will+ Str+2}
   (You bought it in a shop on level 8 of the Dungeon)

   [ring of willpower]

   Str:       It affects your strength (+2).
   rC:        It protects you from cold.
   Will:      It increases your willpower.
 f - the ring of the Tortoise {AC+8}
   (You bought it in a shop on level 11 of the Dungeon)

   [ring of protection]

   AC:        It affects your AC (+8).
 x - an amulet of regeneration (around neck)
 y - a ring of see invisible
 T - a ring of protection from cold
 W - the ring of Jyuchamu {Fly Slay+2}
   (You found it on level 4 of the Shoals)

   [ring of flight]

   Slay:      It affects your accuracy & damage with ranged weapons and melee
   (+2).
   Fly:       It grants you flight.
 Y - the ring "Waigriev" (left hand) {AC+4 Int+6}
   (You found it on level 4 of the Shoals)

   [ring of protection]

   AC:        It affects your AC (+4).
   Int:       It affects your intelligence (+6).
Wands
 c - a wand of flame (48)
 h - a wand of paralysis (17)
 v - a wand of iceblast (6)
 R - a wand of digging (6)
 X - a wand of mindburst (9)
Scrolls
 d - 2 scrolls of identify
 o - 2 scrolls of silence
 p - 7 scrolls of magic mapping
 C - a scroll of amnesia
 E - 4 scrolls of butterflies
 I - 4 scrolls of blinking
 P - 13 scrolls of teleportation
 Z - 4 scrolls of fog
Potions
 j - 4 potions of brilliance
 k - 11 potions of curing
 l - 2 potions of berserk rage
 m - 6 potions of invisibility
 q - 8 potions of might
 u - 3 potions of magic
 w - 7 potions of haste
 A - 8 potions of ambrosia
 H - 5 potions of flight
 K - 5 potions of resistance
 S - a potion of cancellation
 V - 3 potions of heal wounds
Miscellaneous
 t - a phial of floods
 D - a lightning rod (4/4)
 N - a box of beasts


   Skills:
 + Level 16.9 Fighting
 + Level 12.9 Short Blades
 - Level 6.7 Throwing
 - Level 6.5 Armour
 - Level 8.5 Dodging
 - Level 6.2 Stealth
 + Level 14.7 Spellcasting
 - Level 4.9 Conjurations
 - Level 10.7 Hexes
 * Level 2.1 Summonings
 + Level 4.2 Translocations
 - Level 4.1 Transmutations
 * Level 2.2 Air Magic
 - Level 11.4 Earth Magic
 + Level 5.0 Evocations


You had 3 spell levels left.
You knew the following spells:

 Your Spells              Type           Power      Damage    Failure   Level
a - Tukima's Dance        Hex            64%        N/A       1%          3
b - Leda's Liquefaction   Hex/Erth       32%        N/A       1%          4
c - Petrify               Tmut/Erth      54%        N/A       1%          4
d - Passwall              Tmut/Erth      45%        N/A       1%          2
e - Blink                 Tloc           78%        N/A       1%          2
f - Lee's Rapid Deconstr  Erth           33%        3d17*     1%          5
g - Stone Arrow           Conj/Erth      100%       3d13      1%          3
h - Shatter               Erth           33%        3d27*     100%        9
i - Manifold Assault      Tloc           39%        N/A       6%          4
j - Iskenderun's Mystic   Conj/Tloc      41%        2d9       5%          4
k - Summon Lightning Spi  Summ/Air       29%        N/A       14%         4

Your spell library contained the following spells:

 Spells                   Type           Power      Damage    Failure   Level
 Sandblast                Erth           100%       2d20      1%          1
 Ensorcelled Hibernation  Hex/Ice        90%        N/A       1%          2
 Inner Flame              Hex/Fire       45%        N/A       1%          3
 Portal Projectile        Hex/Tloc       100%       N/A       1%          3
 Cigotuvi's Dreadful Rot  Necr/Pois/Air  44%        N/A       4%          2
 Call Canine Familiar     Summ           29%        N/A       4%          3
 Hailstorm                Conj/Ice       30%        3d8       4%          3
 Spider Form              Tmut/Pois      28%        N/A       4%          3
 Volatile Blastmotes      Fire/Tloc      58%        2d14      4%          3
 Ignite Poison            Fire/Tmut/Pois 25%        N/A       6%          3
 Cause Fear               Hex            32%        N/A       1%          4
 Fulminant Prism          Conj/Hex       27%        3d14      1%          4
 Anguish                  Hex/Necr       22%        N/A       4%          4
 Borgnjor's Vile Clutch   Necr/Erth      23%        N/A       10%         5
 Metabolic Englaciation   Hex/Ice        22%        N/A       11%         5
 Flame Wave               Conj/Fire      30%        2d9       13%         4
 Sticky Flame             Conj/Fire      30%        2d5       13%         4
 Ice Form                 Ice/Tmut       28%        N/A       16%         4
 Blade Hands              Tmut           19%        N/A       19%         5
 Statue Form              Tmut/Erth      36%        N/A       22%         6
 Freezing Cloud           Conj/Ice/Air   15%        6-21      36%         5
 Alistair's Intoxication  Tmut/Pois      18%        N/A       41%         5
 Death Channel            Necr           9%         N/A       99%         6
 Malign Gateway           Summ/Tloc      17%        N/A       100%        7
 Storm Form               Tmut/Air       17%        N/A       100%        7
 Maxwell's Capacitive Co  Air            14%        ∞         100%        8
 Summon Horrible Things   Summ           14%        N/A       100%        8
 Chain Lightning          Conj/Air       18%        3d24      100%        9
 Fire Storm               Conj/Fire      15%        8d4       100%        9
 Animate Dead             Necr           Unusable   N/A       N/A         4
 Simulacrum               Ice/Necr       Unusable   N/A       N/A         6

Dungeon Overview and Level Annotations

Branches:
Dungeon (15/15)            Temple (1/1) D:6            Lair (5/5) D:11
 Shoals (4/4) Lair:2        Snake (4/4) Lair:3        Slime (0/5) Lair:5
    Orc (2/2) D:9             Elf (0/3) Orc:2        Vaults (0/5) D:14
 Depths (0/4) D:15          Sewer (visited)          Bailey (visited)
  IceCv (visited)

Altars:
Ashenzari
Cheibriados
Dithmenos
Elyvilon
Fedhas
Gozag
Hepliaklqana
Kikubaaqudgha
Makhleb
Nemelex Xobeh
Okawaru
Qazlal
Ru
Sif Muna
Trog
Uskayaw
Vehumet
Wu Jian
Xom
Yredelemnul
Zin
The Shining One
Jiyva

Shops:
D:7 *   D:8 *   D:11 [([((=   D:12 *   Orc:2 :*!*   Shoals:3 ==

Annotations:
D:15 6 transporters, exclusion: downstairs
Lair:2 exclusion: downstairs
Lair:4 exclusions: 2 downstairs and upstairs
Shoals:2 exclusion: downstairs
Shoals:3 exclusion: kraken
Snake:2 1 runed translucent door, Quickbrownfox's ghost, journeyman DsCj
Snake:4 coldbreeze's ghost, adept DsIE


Message History

Your lightning spire disappears in a puff of smoke!
The naga shouts!
The naga warrior shouts!
The naga mage shouts!
Unknown command.
Found 2 scrolls of identify.
You feel sick.
The salamander mystic no longer looks unusually strong.
The naga warrior roars a battlecry!
The nagas go into a battle-frenzy!
The naga warrior misses you.
You feel sick.
The naga warrior hits you from afar with a +0 trident!
* * * LOW HITPOINT WARNING * * *
You feel sick. The naga warrior spits poison at you.
The splash of poison hits you but does no damage.
You are more poisoned.
The naga warrior spits poison at you.
The splash of poison hits you but does no damage.
You are more poisoned.
You feel much better.
You feel very sick.
The naga warrior roars a battlecry!
The naga goes into a battle-frenzy!
The naga warrior hits you but does no damage.
You feel very sick.
The salamander no longer looks unusually strong.
The naga warrior hits you from afar with a +0 trident!!!
* * * LOW HITPOINT WARNING * * *
As you read the scroll of fear, it crumbles to dust.
You assume a fearsome visage.
The naga warrior resists with almost no effort.
The naga looks frightened!
The salamander mystic resists with some effort.
The naga warrior looks frightened!
The salamander looks frightened!
The naga looks frightened!
You feel very sick. The naga warrior spits poison at you.
The splash of poison misses you.
The naga warrior hits you from afar with a +0 trident!!
You die...
Your body crumbles into a pile of gold.

#####............#
...)##...........#
....8#.N.$NN.....#
....N#..#N#####....
...NN#.N#$# ###..
©..NN#©N..# ...
...NS#.N### .###
...NW#..# ...S8#.@#
....##..# #####...#
......?.# .........
#########


You could see a nagaraja, 2 naga warriors, 3 naga sharpshooters, a salamander
mystic (strong), a salamander (fleeing), a mana viper, a guardian serpent, a
naga mage, 2 nagas and coldbreeze's ghost.

Vanquished Creatures
  Mara (Shoals:4)
  An Ice Fiend (IceCv)
  Jorgrun (D:15)
  Polyphemus (Shoals:3)
  A sphinx (Shoals:4)
  Aizul (Snake:2)
  Louise (Shoals:4)
  2 orc warlords
  The ghost of Hojimuek the Cleaver, a journeyman DsBe of Trog (Lair:3)
  4 minotaurs
  3 merfolk impalers
  10 hydras
  Erolcha (D:9)
  A salamander tyrant (Snake:2)
  2 ogre magi
  Fannar (D:12)
  An alligator snapping turtle (Shoals:3)
  8 anacondas
  8 centaur warriors
  6 catoblepae
  2 merfolk avatars
  A death knight (D:13)
  Erica (D:8)
  7 merfolk aquamancers
  16 two-headed ogres
  12 satyrs
  9 death yaks
  4 boulder beetles
  5 naga sharpshooters
  An orc high priest (Orc:2)
  A tengu warrior (D:15)
  2 naga warriors
  A vampire mage (D:15)
  The ghost of megamayne420 the Cleaver, a novice HOMo of the Shining One (D:7)
  Sonja (Orc:2)
  5 shock serpents
  3 skeletal warriors
  A skyshark (Shoals:1)
  A bog body (IceCv)
  6 sea snakes
  An obsidian statue (IceCv)
  2 wizards
  A tengu zombie (D:15)
  A lindwurm (Lair:5)
  5 orc knights
  A naga ritualist (Snake:3)
  6 spriggan simulacra (IceCv)
  A phantasmal warrior (D:13)
  16 harpies
  2 necromancers
  2 mana vipers
  An iron dragon zombie (D:15)
  2 deep elf pyromancers (D:13)
  4 oklob plants
  7 salamanders
  25 fauns
  3 orc sorcerers (Orc:2)
  10 ugly things
  12 cyclopes
  25 manticores
  4 merfolk sirens
  32 black mambas
  5 elephants
  Maurice (D:8)
  5 naga magi
  4 water nymphs
  Maggie (D:7)
  2 spriggan zombies (D:15)
  12 cane toads
  2 gargoyles
  An ice statue (Snake:1)
  An unseen horror (D:11)
  2 kobold demonologists
  A rime drake (shapeshifter) (D:13)
  12 komodo dragons
  13 ice devils (IceCv)
  An anaconda simulacrum (IceCv)
  6 freezing wraiths
  8 trolls
  2 golden dragon simulacra (IceCv)
  2 queen bees
  19 merfolk
  A hornet (D:9)
  5 large abominations (D:10)
  A hornet (shapeshifter) (D:11)
  3 meliai (D:13)
  2 polar bears (Lair:5)
  4 wind drakes
  18 blink frogs
  34 dream sheep
  8 snapping turtles
  Sigmund (D:3)
  A centaur simulacrum (D:11)
  A shadow (D:11)
  85 yaks
  3 vampires
  10 water elementals
  8 wyverns
  2 basilisks
  3 steam dragons
  A vampire mosquito (D:11)
  7 wargs
  11 minotaur simulacra (IceCv)
  11 water moccasins
  An acid dragon (D:12)
  27 nagas
  2 hydra simulacra (IceCv)
  45 orc warriors
  Pargi (Sewer)
  3 ice beasts
  2 ettin simulacra (IceCv)
  8 ogres
  19 centaurs
  6 wolves
  6 kobold brigands
  2 phantoms
  17 bullfrogs
  7 deep troll simulacra (IceCv)
  2 gnoll sergeants
  4 scorpions
  Dowan (D:6)
  6 wights
  47 killer bees
  A lindwurm simulacrum (IceCv)
  2 electric eels
  3 howler monkeys
  4 hounds
  A jelly (D:4)
  A gnoll bouda (D:9)
  11 orc priests
  Crazy Yiuf (D:3)
  Jessica (D:3)
  5 iguanas
  Ijyb (D:3)
  14 orc wizards
  6 hell rats (Lair:5)
  7 small abominations (D:10)
  23 gnolls
  8 adders
  2 river rats (Lair:2)
  5 white imps
  2 adder zombies (D:3)
  A worm (D:3)
  A dart slug (D:3)
  73 orcs
  5 ball pythons
  3 bats (D:1)
  3 endoplasms
  6 giant cockroaches
  20 goblins
  16 hobgoblins
  3 jackals (D:3)
  A quokka (D:3)
  6 frilled lizards
  30 kobolds
  8 rats
  A butterfly (D:11)
1099 creatures vanquished.

Vanquished Creatures (collateral kills)
  An orc sorcerer (Orc:1)
  Duvessa (D:6)
  2 orc warriors
  A wight (D:4)
  2 killer bees (D:10)
  A hound (D:6)
  A gnoll (D:6)
  7 orcs
16 creatures vanquished.

Vanquished Creatures (others)
  2 two-headed ogres (Orc:1)
  A troll (Orc:1)
  2 dancing weapons (D:14)
  Edmund (D:4)
  A wight (D:4)
  2 killer bees (D:10)
  An iguana (D:6)
10 creatures vanquished.

Grand Total: 1125 creatures vanquished

Notes
Turn   | Place    | Note
-------+----------+-------------------------------------------
     0 | D:1      | H0rd4k the Human Artificer began the quest for the Orb.
     0 | D:1      | Reached XP level 1. HP: 15/15 MP: 1/1
   122 | D:1      | Reached XP level 2. HP: 16/22 MP: 2/2
   130 | D:1      | Reached skill level 2 in Fighting
   515 | D:2      | Found a burning altar of Makhleb.
   519 | D:2      | Reached XP level 3. HP: 27/28 MP: 3/3
   572 | D:2      | Identified the +6 chain mail "Qitzyd" {Dex+2}
   725 | D:2      | Reached skill level 3 in Fighting
  1155 | D:3      | Noticed a scorpion
  1172 | D:3      | Killed a scorpion
  1173 | D:3      | Reached skill level 4 in Fighting
  1173 | D:3      | Reached XP level 4. HP: 38/38 MP: 4/4
  1173 | D:3      | Reached XP level 5. HP: 43/43 MP: 5/5
  1405 | D:3      | Noticed Jessica
  1413 | D:3      | Killed Jessica
  1682 | D:3      | Noticed Ijyb
  1687 | D:3      | Reached skill level 5 in Fighting
  1714 | D:3      | Killed Ijyb
  1843 | D:3      | Noticed Sigmund
  1871 | D:3      | Found a runed translucent door.
  1872 | D:3      | Noticed Crazy Yiuf
  1892 | D:3      | Killed Sigmund
  1893 | D:3      | Reached skill level 6 in Fighting
  1893 | D:3      | Reached XP level 6. HP: 48/53 MP: 6/6
  2077 | D:3      | Reached XP level 7. HP: 53/59 MP: 7/7
  2184 | D:3      | You fall into a shaft and drop 1 floor!
  2307 | D:4      | Reached skill level 7 in Fighting
  2482 | D:4      | Noticed Edmund
  2489 | D:4      | Your ally Edmund died
  2496 | D:4      | Found a glowing drain.
  2552 | D:4      | Reached skill level 8 in Fighting
  2558 | Sewer    | Entered a sewer
  2666 | Sewer    | Noticed Pargi
  2692 | Sewer    | Killed Pargi
  2693 | Sewer    | Reached XP level 8. HP: 62/69 MP: 8/8
  3199 | D:4      | Found a shimmering blue altar of Sif Muna.
  3270 | D:5      | Entered Level 5 of the Dungeon
  3338 | D:5      | Reached skill level 1 in Short Blades
  3515 | D:5      | Identified the +0 pair of boots of the Known World {rC+
                  | Str+4 Dex+3 Slay-5}
  4001 | D:3      | Found a basalt altar of Yredelemnul.
  4776 | D:6      | Reached skill level 9 in Fighting
  5014 | D:6      | Noticed Duvessa
  5014 | D:6      | Noticed Dowan
  5026 | D:6      | Killed Duvessa
  5040 | D:6      | Found a staircase to the Ecumenical Temple.
  5053 | D:6      | Killed Dowan
  5098 | D:6      | Reached XP level 9. HP: 46/78 MP: 9/9
  5131 | Temple   | Entered the Ecumenical Temple
  5301 | Temple   | Became a worshipper of Gozag Ym Sagoz the Greedy
  5394 | D:6      | Reached skill level 10 in Fighting
  5531 | D:6      | Identified the +5 whip of the Grim God {flame, Will++
                  | Int-5}
  5556 | D:6      | Reached skill level 5 in Short Blades
  5903 | D:6      | Identified a scroll of acquirement
  5907 | D:6      | Acquired a +2 pair of gloves of hurling
  5966 | D:7      | Noticed Maggie
  5986 | D:7      | Killed Maggie
  6084 | D:7      | Identified the +2 robe "Kimos" {rPois}
  6452 | D:7      | Reached skill level 11 in Fighting
  6603 | D:7      | Found Fiddick's Fire Supplies.
  6642 | D:7      | Reached XP level 10. HP: 59/87 MP: 10/10
  6932 | D:7      | Found a runed translucent gate.
  6932 | D:7      | Found a runed translucent gate.
  6932 | D:7      | Found a runed translucent gate.
  6935 | D:7      | Noticed megamayne420's ghost (novice HOMo)
  7181 | D:7      | Acquired the +0 cloak "Itwero" {Dex+3 Slay+6}
  7386 | D:8      | Found Jafint's Assorted Antiques.
  7398 | D:8      | Bought a heavily runed platinum ring for 150 gold pieces
  7398 | D:8      | Identified the ring "Ofekh" {rC+ Will+ Str+2} (You bought
                  | it in a shop on level 8 of the Dungeon)
  7398 | D:8      | Bought a bloodstained rapier for 270 gold pieces
  7398 | D:8      | Identified the +7 rapier "Vyagopyi" {drain, *Slow Will+
                  | rCorr} (You bought it in a shop on level 8 of the Dungeon)
  7552 | D:8      | Reached skill level 1 in Spellcasting
  7862 | D:8      | Noticed Erica
  7877 | D:8      | Killed Erica
  7963 | D:8      | Noticed a two-headed ogre
  7983 | D:8      | Killed a two-headed ogre
  7984 | D:8      | Reached skill level 12 in Fighting
  8220 | D:8      | Noticed Maurice
  8240 | D:8      | Killed Maurice
  8448 | D:8      | Noticed a two-headed ogre
  8453 | D:8      | Killed a two-headed ogre
  8454 | D:8      | Reached skill level 5 in Spellcasting
  8454 | D:8      | Reached XP level 11. HP: 95/95 MP: 17/19
  8755 | D:9      | Reached skill level 1 in Throwing
  8999 | D:9      | Found a staircase to the Orcish Mines.
  9107 | D:9      | Found a flagged portal.
  9116 | Bailey   | Entered a bailey
  9255 | Bailey   | Noticed an orc knight
  9264 | Bailey   | Killed an orc knight
  9407 | Bailey   | Noticed an orc warlord
  9448 | Bailey   | Killed an orc warlord
  9477 | Bailey   | Reached skill level 13 in Fighting
 10001 | D:9      | Reached XP level 12. HP: 105/105 MP: 24/24
 10155 | D:9      | Noticed Erolcha
 10164 | D:9      | Killed Erolcha
 10206 | D:9      | Noticed a two-headed ogre
 10214 | D:9      | Killed a two-headed ogre
 10296 | D:9      | Learned a level 3 spell: Tukima's Dance
 10348 | D:10     | Entered Level 10 of the Dungeon
 10371 | D:10     | Identified the +1 leather armour "Ebuhimav" {-Tele rPois
                  | Str+5 SInv}
 10513 | D:10     | Reached skill level 1 in Hexes
 10641 | D:10     | Noticed a large abomination
 10641 | D:10     | Noticed a large abomination
 10674 | D:10     | Reached skill level 5 in Throwing
 10913 | D:9      | Reached skill level 10 in Spellcasting
 10913 | D:9      | Reached XP level 13. HP: 111/111 MP: 25/27
 11006 | D:10     | Reached skill level 5 in Hexes
 11180 | D:10     | Identified the +6 hand axe of Ynupso Kirph {venom, rC+ rN+
                  | Str+7 Dex-5}
 11739 | D:11     | Noticed a centaur warrior
 11739 | D:11     | Noticed a centaur warrior
 11787 | D:11     | Killed a centaur warrior
 11794 | D:11     | Killed a centaur warrior
 12130 | D:11     | Found a staircase to the Lair.
 12235 | D:11     | Reached XP level 14. HP: 115/119 MP: 28/28
 12267 | D:11     | Reached skill level 5 in Stealth
 12590 | D:11     | Bought the +3 pair of gauntlets of War {Slay+5} for 1140
                  | gold pieces
 12590 | D:11     | Found the +3 pair of gauntlets of War {Slay+5}
 12605 | Lair:1   | Entered Level 1 of the Lair of Beasts
 12658 | Lair:1   | Identified the +3 plate armour of Ubexkeqit {rF+}
 12904 | Lair:1   | Identified the +4 leather armour of Starshine {rN+ Dex+4}
 13307 | Lair:1   | Reached skill level 5 in Dodging
 14020 | Lair:2   | Reached skill level 14 in Fighting
 14582 | Lair:2   | Found a staircase to the Shoals.
 15206 | Lair:3   | Noticed a minotaur
 15206 | Lair:3   | Noticed Hojimuek's ghost (journeyman DsBe)
 15488 | Lair:3   | Found a runed translucent gate.
 15488 | Lair:3   | Found a runed translucent gate.
 15489 | Lair:3   | Found a runed translucent gate.
 15612 | Lair:3   | Found a staircase to the Snake Pit.
 15648 | Lair:3   | Identified the +3 chain mail of Slovenliness {rElec rN+
                  | Will+ MP+9}
 16021 | D:11     | Bought a ruby-encrusted scale mail for 225 gold pieces
 16021 | D:11     | Identified the +1 scale mail of Cynicism {Rampage} (You
                  | bought it in a shop on level 11 of the Dungeon)
 16067 | D:11     | Learned a level 4 spell: Leda's Liquefaction
 16072 | D:11     | Learned a level 4 spell: Petrify
 16107 | D:12     | Noticed Fannar
 16126 | D:12     | Killed Fannar
 16326 | Lair:4   | Reached XP level 15. HP: 116/126 MP: 26/30
 16381 | Lair:4   | Reached skill level 1 in Transmutations
 16381 | Lair:4   | Reached skill level 1 in Earth Magic
 17139 | Lair:5   | Entered Level 5 of the Lair of Beasts
 18352 | Lair:5   | Reached skill level 5 in Earth Magic
 18459 | Lair:5   | Found a viscous altar of Jiyva.
 18463 | Lair:5   | Found a staircase to the Slime Pits.
 18854 | Lair:5   | Reached XP level 16. HP: 134/134 MP: 24/32
 19609 | Orc:1    | Entered Level 1 of the Orcish Mines
 19659 | Orc:2    | Entered Level 2 of the Orcish Mines
 19659 | Orc:2    | Noticed Sonja
 19659 | Orc:2    | Found a staircase to the Elven Halls.
 19666 | Orc:2    | Found a runed translucent door.
 20142 | Orc:2    | Killed Sonja
 20788 | Orc:2    | Found Nefuh's General Store.
 20788 | Orc:2    | Found Ziwnox's Distillery.
 20790 | Orc:2    | Found Zayghoj's General Store.
 20832 | Orc:2    | Found Fuejuygo's Book Boutique.
 20836 | Orc:2    | Bought a scroll of enchant weapon for 97 gold pieces
 20846 | Orc:2    | Bought an Inescapable Atlas for 416 gold pieces
 20846 | Orc:2    | Bought a book of Geomancy for 234 gold pieces
 20849 | Orc:2    | Learned a level 2 spell: Passwall
 20852 | Orc:2    | Learned a level 2 spell: Blink
 20858 | Orc:2    | Learned a level 5 spell: Lee's Rapid Deconstruction
 20862 | Orc:2    | Learned a level 3 spell: Stone Arrow
 21553 | Orc:2    | Reached skill level 1 in Conjurations
 21553 | Orc:2    | Reached skill level 10 in Hexes
 21553 | Orc:2    | Reached skill level 1 in Translocations
 21596 | Orc:2    | Reached skill level 15 in Fighting
 21816 | Orc:2    | Bought a book of Annihilations for 780 gold pieces
 21826 | Orc:2    | Learned a level 9 spell: Shatter
 22321 | D:12     | Found Pidweku's Assorted Antiques.
 22329 | D:12     | Bought a scroll labelled SADACHUSTRY for 32 gold pieces
 22412 | D:12     | Reached skill level 10 in Short Blades
 24196 | D:14     | Found a gate to the Vaults.
 24202 | D:14     | Reached XP level 17. HP: 82/142 MP: 33/33
 24797 | D:14     | Found a snail-covered altar of Cheibriados.
 25245 | D:15     | Entered Level 15 of the Dungeon
 25287 | D:15     | Noticed Jorgrun
 25648 | D:15     | Found a staircase to the Depths.
 25770 | D:15     | Found a transporter.
 25772 | D:15     | Found a transporter.
 25773 | D:15     | Found a transporter.
 25779 | D:15     | Found a sparkling altar of Nemelex Xobeh.
 25779 | D:15     | Noticed a juggernaut
 25780 | D:15     | Found a transporter.
 25780 | D:15     | Found a transporter.
 25784 | D:15     | Found a transporter.
 26350 | D:15     | Killed Jorgrun
 26747 | D:3      | Killed Crazy Yiuf
 26927 | D:7      | Killed megamayne420's ghost
 27563 | Lair:3   | Killed Hojimuek's ghost
 27962 | Shoals:1 | Entered Level 1 of the Shoals
 29227 | Shoals:2 | Found a shadowy altar of Dithmenos.
 29678 | Shoals:2 | Reached XP level 18. HP: 151/151 MP: 29/35
 30161 | Shoals:3 | Reached skill level 10 in Earth Magic
 30234 | Shoals:3 | Noticed a kraken
 30438 | Shoals:3 | Found Iffecoag's Jewellery Shop.
 30451 | Shoals:3 | Found Zuneor's Jewellery Shop.
 31526 | Shoals:3 | Reached skill level 16 in Fighting
 31729 | Shoals:3 | Noticed Polyphemus
 31746 | Shoals:3 | Killed Polyphemus
 32010 | Shoals:3 | Reached skill level 5 in Armour
 32218 | Shoals:4 | Entered Level 4 of the Shoals
 32928 | Shoals:4 | Noticed Mara
 33111 | Shoals:4 | Identified the ring of Jyuchamu {Fly Slay+2}
 33299 | Shoals:4 | Noticed Louise
 33436 | Shoals:4 | Killed Louise
 33916 | Shoals:4 | Identified the ring "Waigriev" {AC+4 Int+6}
 34132 | Shoals:4 | Killed Mara
 34133 | Shoals:4 | Reached XP level 19. HP: 158/158 MP: 37/37
 34250 | Shoals:4 | Got a barnacled rune of Zot
 35113 | D:11     | Bought the ring of the Tortoise {AC+8} for 1408 gold pieces
 35113 | D:11     | Found the ring of the Tortoise {AC+8}
 35194 | Snake:1  | Entered Level 1 of the Snake Pit
 35254 | Snake:1  | Found a frozen archway.
 35270 | IceCv    | Entered an ice cave
 36699 | IceCv    | Noticed an Ice Fiend
 37065 | IceCv    | Killed an Ice Fiend
 37199 | IceCv    | Identified the staff of death "Kiecwur" {rN+ Int+5}
 37912 | Snake:1  | Learned a level 4 spell: Manifold Assault
 37917 | Snake:1  | Learned a level 4 spell: Iskenderun's Mystic Blast
 38503 | Snake:2  | Found a runed translucent door.
 38504 | Snake:2  | Got Sif Muna's Lectures on Amorphous Anathema
 38524 | Snake:2  | Noticed Aizul
 38540 | Snake:2  | Noticed Quickbrownfox's ghost (journeyman DsCj)
 38673 | Snake:2  | Killed Aizul
 38987 | Snake:2  | Learned a level 4 spell: Summon Lightning Spire
 39179 | Snake:3  | Reached skill level 1 in Summonings
 39179 | Snake:3  | Reached skill level 1 in Air Magic
 40176 | Snake:3  | Reached skill level 5 in Evocations
 40589 | Snake:4  | Entered Level 4 of the Snake Pit
 40610 | Snake:4  | Noticed coldbreeze's ghost (adept DsIE)
 40630 | Snake:4  | Mangled by a naga warrior

Illustrated notes

Levels and vault maps discovered:
D:1:      saegor_arrival_simple_d, layout_rooms, minmay_strange_pillars
D:2:      layout_rooms, basic_altar, hangedman_decor_peaks_small,
          patterned_corridor
D:3:      layout_basic, lemuel_zombie_altar_yredelemnul,
          uniq_crazy_yiuf_cottage, uniq_jessica, uniq_ijyb, uniq_sigmund
D:4:      layout_basic, led_sif_pool, gup_sewer_entry_glass, uniq_edmund
D:5:      layout_basic
D:6:      layout_loops_cross, minmay_temple_entry_stoned_glass,
          minmay_increasing_density, uniq_duvessa
D:7:      layout_layer_cave, ebering_ghost_rock_garden, nicolae_shop_fire_sale
          [nicolae_sub_dead_trees], uniq_maggie
D:8:      layout_layer_cave, serial_shops, nicolae_shop_overgrown_old_shop,
          kennysheep_crisscross, minmay_puff, uniq_erica, uniq_maurice
D:9:      layout_grid_maze, erik_orc_4, enter_bailey_3, blue_anna_alchemist,
          uniq_erolcha
D:10:     layout_rooms, laboratory
D:11:     minmay_chambers_of_sevens, layout_rooms, dpeg_oklobed_lair
D:12:     layout_long_grid, serial_shops, shop, uniq_fannar
D:13:     layout_basic, st_stairs_14, minivault_7
D:14:     layout_stronghold, david_vaults_1, cheibriados_altar_1
D:15:     gammafunk_depths_entry_grave, layout_long_grid, hellmonk_jugg_or_not,
          uniq_jorgrun
Temple:   nicolae_temple_bog_church
Lair:1:   layout_small_grid
Lair:2:   regret_index_wax_grids, layout_misc_corridors,
          minmay_shoals_entry_beasts, amcnicky_mini_pool_medium,
          lemuel_fruit_fields, infiniplex_staircase_pool_2
Lair:3:   layout_gridlike, minmay_snake_entry_guardpost_medium,
          maelrawn_ghost_gauntlet_escape, serial_bayou_shore_a,
          grunt_megastairs_2, serial_bayou_shore_b
Lair:4:   nzn_motion_control, layout_concentric_octagons, grunt_megastairs_5
Lair:5:   evilmike_catoblepas_cave, layout_loops_ring,
          minmay_slime_entry_oklob_enclosed
Shoals:1: layout_shoals
Shoals:2: layout_shoals, lemuel_altar_in_water, nicolae_shoals_aquamancer_cove
Shoals:3: layout_shoals, serial_shops, nicolae_shop_crystal, shop_fountains,
          uniq_polyphemus
Shoals:4: shoals_end_hellmonk_lost_city, uniq_louise, uniq_mara
Snake:1:  layout_rooms, portal_ice_cave_entry_ice_statue_one, lemuel_fruit_tree
Snake:2:  layout_cave_shapes, ebering_ghost_reflecting_pool, grunt_megastairs_4,
          uniq_aizul
Snake:3:  layout_chambers
Snake:4:  snake_pit_salamanders_mu, layout_rooms, gammafunk_ghost_arena
Orc:1:    layout_caves, basic_altar, nicolae_orc_flooded_monolith
Orc:2:    st_orc_rangers, layout_diamond_mine, lightli_church_of_beogh,
          uniq_sonja

Skill      XL: |  1  2  3  4  5  6  7  8  9 10 11 12 13 14 15 16 17 18 19 |
---------------+----------------------------------------------------------+-----
Fighting       | 2 4 6 8 9 11 12 13 14 15 16 | 16.9
Short Blades   | 4 6 7 8 9 10 11 12 | 12.9
Spellcasting   | 5 8 10 11 12 13 14 | 14.7
Throwing       | 4 6 |  6.7
Hexes          | 4 6 8 9 10 | 10.7
Stealth        | 3 4 5 6 |  6.2
Dodging        | 3 4 6 7 8 |  8.5
Transmutations | 4 |  4.1
Earth Magic    | 5 7 9 11 | 11.4
Conjurations   | 3 4 |  4.9
Translocations | 1 4 |  4.2
Armour         | 3 6 |  6.5
Evocations     | 5 |  5.0
Summonings     | 2 |  2.1
Air Magic      | 2 |  2.2

Action                     |  1- 3 |  4- 6 |  7- 9 | 10-12 | 13-15 | 16-18 | 19-21 || total
---------------------------+-------+-------+-------+-------+-------+-------+-------++-------
  Melee: Club              |     9 |       |       |       |       |       |       ||     9
         Dagger            |    81 |   110 |   408 |   139 |       |       |       ||   738
         Punch             |       |     4 |    14 |     7 |    19 |    34 |    16 ||    94
         Rapier            |       |       |    31 |   329 |  1049 |  1534 |   439 ||  3382
  Throw: Dart              |       |       |       |       |       |    64 |     1 ||    65
   Cast: Leda's Liquefacti |       |       |       |       |    10 |     6 |       ||    16
         Lee's Rapid Decon |       |       |       |       |       |    21 |     1 ||    22
         Tukima's Dance    |       |       |       |       |       |     4 |       ||     4
         Passwall          |       |       |       |       |       |     1 |       ||     1
         Stone Arrow       |       |       |       |       |       |   104 |   175 ||   279
         Petrify           |       |       |       |       |       |     1 |       ||     1
         Summon Lightning  |       |       |       |       |       |       |     4 ||     4
 Invoke: Call Merchant     |       |       |       |       |     3 |     2 |     1 ||     6
  Evoke: Wand              |       |     1 |    21 |    21 |     7 |    15 |     7 ||    72
         Lightning rod     |       |       |       |       |     5 |     2 |       ||     7
         Tin of tremorston |       |       |       |       |       |     2 |       ||     2
         Box of beasts     |       |       |       |       |       |     1 |       ||     1
    Use: Scroll            |       |       |     7 |     8 |    14 |    11 |     3 ||    43
         Potion            |       |       |       |     4 |     2 |     3 |     1 ||    10
   Stab: Sleeping          |     2 |       |       |       |     7 |     4 |     2 ||    15
         Distracted        |       |       |     4 |     4 |     5 |     5 |     7 ||    25
         Paralysed         |       |       |       |     6 |       |       |       ||     6
         Invisible         |       |       |       |     4 |     2 |       |       ||     6
 Armour: Leather armour    |     9 |       |       |       |   111 |   568 |   170 ||   858
         Chain mail        |    24 |    66 |   288 |   211 |   330 |       |       ||   919
         Skin              |       |       |       |     5 |       |       |       ||     5
  Dodge: Dodged            |    35 |    24 |   112 |   112 |   451 |  1008 |   290 ||  2032
